AoeStats
← CHRISTO LE ROI8

Nomad

510157357Analyzed
2v2 RM · 3d ago on Sep 29, 2026· 18m 10s· 4 players
Game mode
Random Map
Map size
176×176
Population
200
Speed
Normal
Resources
Standard
Victory
Conquest
Starting age
Dark Age
Ending age
Imperial Age
RankedLock teamsTeams togetherTeam positionsShared explorationLock speedFull tech treeHidden civsTurbo modeCheats
Victory
Defeat
🇫🇷 Gurjaras · France
927
+14
🇫🇷 Byzantines · France
901
+15
🇨🇦 Persians · Canada
892
-15
🇫🇷 Romans · France
882
-14
DingZ
15:23 Feudal Age
CHRISTO LE ROI8
16:17 Feudal Age
17:03 Fishing Lines
18:04 Double-Bit Axe
LeVieuxMachin
3:22 Loom
14:57 Feudal Age
Novelwater
16:49 Feudal Age
17:30 Fishing Lines
Connection lost

Rejoining the realm…

Still unreachable

The connection could not be restored.

Session expired

The server has moved on; the page needs a fresh start.